 Dungeon Crawl Stone Soup version 0.27-a0-1217-g8a41f320e8 (webtiles) character file.

Game seed: 413394232216297323

11558 laurelia the Thaumaturge (level 11, -16/54 HPs)
             Began as a Deep Elf Earth Elementalist on Mar 11, 2021.
             Was a Priest of the Shining One.
             Demolished by a komodo dragon (30 damage)
             ... on level 11 of the Dungeon on June 5, 2021.
             The game lasted 01:09:21 (12884 turns).

laurelia the Thaumaturge (DEEE)                    Turns: 12884, Time: 01:09:21

Health: -16/54     AC:  6    Str:  5    XL:     11   Next: 50%
Magic:  23/38      EV: 12    Int: 24    God:    the Shining One [***...]
Gold:   116        SH:  0    Dex: 15    Spells: 1/34 levels left

rFire    + . .     SeeInvis .   G - +11 short sword of Extermination {vorpal, rC+ rN+}
rCold    + + .     Faith    .   (no shield)
rNeg     + + .     Spirit   .   z - +2 robe {rC+ rF+}
rPois    +         Reflect  .   j - +0 helmet
rElec    .         Harm     .   c - scarf {repulsion}
rCorr    .         Rampage  .   (no gloves)
Will     +....                  o - +0 pair of boots
Stlth    +.........             n - amulet of magic regeneration
HPRegen  0.18/turn              s - ring of magical power
MPRegen  0.51/turn              D - ring of poison resistance

@: glowing, repel missiles
A: no striking features
a: Renounce Religion, Divine Shield


You were on level 11 of the Dungeon.
You worshipped the Shining One.
The Shining One was most pleased with you.
You visited 2 branches of the dungeon, and saw 12 of its levels.
You also visited: Sewer.

You collected 564 gold pieces.
You spent 448 gold pieces at shops.

Inventory:

Hand Weapons
 G - the +11 short sword of Extermination (weapon) {vorpal, rC+ rN+}
   (You found it on level 10 of the Dungeon)

   It inflicts extra damage upon your enemies.
   It protects you from cold.
   It protects you from negative energy.
Missiles
 b - 285 stones
 r - 8 atropa-tipped darts
 u - 2 throwing nets
 A - 6 curare-tipped darts
Armour
 c - a scarf of repulsion (worn)
 j - a +0 helmet (worn)
 o - a +0 pair of boots (worn)
 p - +0 acid dragon scales
 z - a +2 robe of resistance (worn)
Jewellery
 n - an amulet of magic regeneration (around neck)
 s - a ring of magical power (left hand)
 D - a ring of poison resistance (right hand)
Wands
 d - a wand of mindburst (23)
 q - a wand of digging (5)
 x - a wand of flame (14)
 C - a wand of charming (9)
 E - a wand of polymorph (7)
Scrolls
 h - a scroll of summoning {unknown}
 k - 2 scrolls of teleportation
 l - 2 scrolls of enchant weapon {unknown}
 t - a scroll of fear
 y - 2 scrolls of acquirement {unknown}
 F - a scroll of blinking {unknown}
Potions
 a - 7 potions of curing
 e - a potion of haste {unknown}
 g - 3 potions of might
 i - 6 potions of flight
 m - a potion of attraction {unknown}
 w - 2 potions of magic {unknown}
 B - a potion of ambrosia {unknown}


   Skills:
 - Level 2.4 Dodging
 - Level 2.4 Stealth
 - Level 12.0 Spellcasting
 + Level 8.8 Conjurations
 * Level 11.0 Hexes
 - Level 4.8 Transmutations
 - Level 11.2 Earth Magic


You had one spell level left.
You knew the following spells:

 Your Spells              Type           Power      Damage    Failure   Level
a - Sandblast             Erth           100%       2d20      1%          1
b - Stone Arrow           Conj/Erth      100%       3d13      1%          3
c - Passwall              Tmut/Erth      43%        N/A       1%          2
d - Petrify               Tmut/Erth      52%        N/A       1%          4
e - Lee's Rapid Deconstr  Erth           31%        3d17*     1%          5
f - Mephitic Cloud        Conj/Pois/Air  28%        N/A       3%          3
g - Conjure Flame         Conj/Fire      35%        6-21      1%          3
h - Yara's Violent Unrav  Hex/Tmut       25%        3d11      4%          5
i - Tukima's Dance        Hex            61%        N/A       1%          3
j - Fulminant Prism       Conj/Hex       29%        3d14      1%          4

Your spell library contained the following spells:

 Spells                   Type           Power      Damage    Failure   Level
 Magic Dart               Conj           100%       1d8       1%          1
 Apportation              Tloc           28%        N/A       4%          1
 Searing Ray              Conj           100%       3d7       1%          2
 Slow                     Hex            61%        N/A       1%          2
 Dazzling Flash           Conj/Hex       100%       N/A       1%          3
 Cause Fear               Hex            30%        N/A       1%          4
 Blink                    Tloc           N/A        N/A       6%          2
 Call Imp                 Summ           14%        N/A       6%          2
 Iskenderun's Mystic Bla  Conj/Tloc      35%        2d8       7%          4
 Invisibility             Hex            30%        N/A       7%          6
 Silence                  Hex/Air        20%        N/A       12%         5
 Lesser Beckoning         Tloc           7%         N/A       13%         3
 Alistair's Intoxication  Tmut/Pois      17%        N/A       41%         5
 Discord                  Hex            30%        N/A       96%         8


Dungeon Overview and Level Annotations

Branches:
Dungeon (11/15)            Temple (1/1) D:5            Lair (0/6) D:8
  Sewer (visited)
    Orc: D:9-12

Altars:
Ashenzari
Cheibriados
Dithmenos
Elyvilon
Fedhas
Gozag
Hepliaklqana
Kikubaaqudgha
Makhleb
Nemelex Xobeh
Okawaru
Qazlal
Ru
Sif Muna
Trog
Uskayaw
Vehumet
Wu Jian
Xom
Yredelemnul
Zin
The Shining One

Shops:
D:3 =   D:5 [


Message History

The stone arrow hits the komodo dragon!!
The komodo dragon is severely wounded.
An orc comes into view. It is wielding a +0 hand axe.
The orc is engulfed in noxious fumes.
The orc appears confused.
The komodo dragon bites you!
The orc is engulfed in noxious fumes.
The orc appears confused.
There is a stone staircase leading up here.
Casting: Stone Arrow (safe; 1% risk of failure)
Confirm with . or Enter, or press ? or * to list all spells.
Aiming: Tukima's Dance (safe; 1% risk of failure)
Press: ? - help, Shift-Dir - straight line, f - orc, p - komodo dragon
Aim: an orc, wielding a +0 flail (heavily wounded, confused, haloed, chance to affect: 94%)
The komodo dragon's front talons twitch.
The orc laughs at nothing.
The komodo dragon bites you!!
Casting: Tukima's Dance (safe; 1% risk of failure)
Confirm with . or Enter, or press ? or * to list all spells.
Aiming: Tukima's Dance (safe; 1% risk of failure)
Press: ? - help, Shift-Dir - straight line, f - komodo dragon, p - orc
Aim: a komodo dragon (severely wounded, haloed, not susceptible)
Okay, then.
Okay, then.
Casting: Tukima's Dance (safe; 1% risk of failure)
Confirm with . or Enter, or press ? or * to list all spells.
Aiming: Tukima's Dance (safe; 1% risk of failure)
Press: ? - help, Shift-Dir - straight line, f - komodo dragon, p - orc
Aim: a komodo dragon (severely wounded, haloed, not susceptible)
The komodo dragon struggles to resist.
The orc hits the komodo dragon but does no damage.
The komodo dragon bites you!
* * * LOW HITPOINT WARNING * * *
You feel better.
The orc closely misses the komodo dragon.
The orc hits itself with a +0 flail.
The orc is killed!
The komodo dragon bites you!!
* * * LOW HITPOINT WARNING * * *
You feel better. The komodo dragon bites you!!
Ouch! That really hurt!
You die...

#..# .....
#..###....
#.......#
#.......#
#..(oo))#
#...o#
#.)..#
#(l..#
#.@..#
#....#
#....#
#....#
#....#
#.....
#######


You could see a komodo dragon and 3 orcs.

Vanquished Creatures
  A two-headed ogre (D:9)
  Sonja (D:10)
  3 kobold demonologists (D:6)
  3 trolls
  Grinder (D:3)
  Sigmund (D:3)
  A vampire (D:9)
  A wyvern (D:9)
  17 yaks
  A wraith (D:9)
  An acid dragon (D:9)
  5 water moccasins
  An ice beast (D:5)
  2 sky beasts
  5 orc warriors
  A necrophage (D:7)
  4 centaurs
  4 phantoms
  4 kobold brigands
  3 bullfrogs
  A water moccasin zombie (D:5)
  A wyvern zombie (D:8)
  4 killer bees (D:10)
  A water moccasin skeleton (D:4)
  16 wights
  6 centaur zombies
  A bullfrog zombie (D:5)
  2 hounds
  11 orc priests
  A centaur skeleton (D:6)
  A gnoll shaman (D:6)
  A jelly (D:7)
  Terence (D:3)
  Natasha (thrice) (D:3)
  4 iguanas (D:5)
  13 orc wizards
  An endoplasm (D:1)
  A hound skeleton (D:5)
  A howler monkey zombie (D:5)
  10 gnolls
  A howler monkey skeleton (D:4)
  7 adders
  4 river rats
  A white imp (D:7)
  A worm (D:4)
  3 dart slugs
  44 orcs
  8 ball pythons
  10 bats
  2 ghosts (D:1)
  4 giant cockroaches
  6 goblins
  4 hobgoblins
  11 jackals
  33 kobolds
  5 frilled lizards
  33 rats
317 creatures vanquished.

Vanquished Creatures (others)
  2 fulminant prisms
  32 fungi
  30 plants
64 creatures vanquished.

Grand Total: 381 creatures vanquished

Notes
Turn   | Place    | Note
-------+----------+-------------------------------------------
     0 | D:1      | laurelia the Deep Elf Earth Elementalist began the quest
                  | for the Orb.
     0 | D:1      | Reached XP level 1. HP: 10/10 MP: 6/6
    76 | D:1      | Upgraded the game from 0.27-a0-592-g0306a34022 to
                  | 0.27-a0-1217-g8a41f320e8
   222 | D:1      | Reached XP level 2. HP: 15/15 MP: 3/8
   593 | D:1      | Reached skill level 4 in Spellcasting
   852 | D:1      | Reached XP level 3. HP: 15/19 MP: 9/11
  1090 | D:1      | Learned a level 3 spell: Stone Arrow
  1246 | D:2      | Reached skill level 5 in Spellcasting
  1246 | D:2      | Reached XP level 4. HP: 8/24 MP: 0/13
  1563 | D:2      | Reached skill level 1 in Conjurations
  1669 | D:2      | Learned a level 2 spell: Passwall
  2001 | D:3      | Noticed Sigmund
  2021 | D:3      | Noticed a sky beast
  2025 | D:3      | Noticed Grinder
  2171 | D:2      | Killed a sky beast
  2172 | D:2      | Reached skill level 6 in Spellcasting
  2172 | D:2      | Reached XP level 5. HP: 28/28 MP: 9/15
  2218 | D:2      | Learned a level 4 spell: Petrify
  2224 | D:2      | Learned a level 5 spell: Lee's Rapid Deconstruction
  2414 | D:3      | Killed Grinder
  2415 | D:3      | Reached skill level 5 in Earth Magic
  2415 | D:3      | Reached XP level 6. HP: 32/32 MP: 11/17
  2479 | D:3      | Noticed Terence
  2619 | D:3      | Killed Terence
  2786 | D:3      | Noticed Natasha
  2791 | D:3      | Killed Natasha
  2915 | D:3      | Noticed Natasha
  2921 | D:3      | Killed Natasha
  2930 | D:3      | Killed Sigmund
  2931 | D:3      | Reached XP level 7. HP: 36/36 MP: 6/18
  2971 | D:3      | Noticed Natasha
  2977 | D:3      | Killed Natasha
  3046 | D:3      | Found Ecviot's Jewellery Shop.
  3145 | D:3      | Found a faded altar of an unknown god.
  3611 | D:4      | Reached skill level 5 in Conjurations
  3650 | D:4      | Reached XP level 8. HP: 41/41 MP: 19/19
  4056 | D:4      | Found a glowing silver altar of Zin.
  4096 | D:5      | Entered Level 5 of the Dungeon
  4238 | D:5      | You fall into a shaft and drop 1 floor!
  4290 | D:6      | Found a glowing drain.
  4364 | Sewer    | Entered a sewer
  5543 | D:6      | Noticed a kobold demonologist
  5570 | D:6      | Noticed a kobold demonologist
  5587 | D:6      | Killed a kobold demonologist
  5634 | D:6      | Noticed a kobold demonologist
  5639 | D:6      | Killed a kobold demonologist
  5640 | D:6      | Reached skill level 7 in Spellcasting
  5640 | D:6      | Reached XP level 9. HP: 45/45 MP: 19/22
  6110 | D:5      | Reached skill level 10 in Earth Magic
  6224 | D:5      | Reached skill level 8 in Spellcasting
  6265 | D:5      | Found Xauloype's Antique Armour Shoppe.
  6315 | D:5      | Bought a runed scarf for 208 gold pieces
  6430 | D:5      | Found a staircase to the Ecumenical Temple.
  6444 | Temple   | Entered the Ecumenical Temple
  6500 | Temple   | Became a worshipper of the Shining One
  6619 | D:5      | Found a shadowy altar of Dithmenos.
  6978 | D:5      | Found an opulent altar of Gozag.
  7657 | D:6      | Killed a kobold demonologist
  7658 | D:6      | Reached skill level 9 in Spellcasting
  7691 | D:6      | Learned a level 3 spell: Mephitic Cloud
  7695 | D:6      | Learned a level 3 spell: Conjure Flame
  8263 | D:7      | Reached * piety under the Shining One
  9027 | D:8      | Reached XP level 10. HP: 50/50 MP: 25/25
  9087 | D:8      | Found a staircase to the Lair.
  9129 | D:8      | Reached skill level 10 in Spellcasting
  9210 | D:8      | Reached ** piety under the Shining One
  9474 | D:8      | Learned a level 5 spell: Yara's Violent Unravelling
  9483 | D:8      | Reached skill level 1 in Hexes
 10205 | D:9      | Reached skill level 5 in Hexes
 10296 | D:9      | Reached skill level 11 in Spellcasting
 10326 | D:9      | Noticed a two-headed ogre
 10507 | D:9      | Killed a two-headed ogre
 10508 | D:9      | Reached XP level 11. HP: 54/54 MP: 13/28
 10512 | D:9      | Learned a level 3 spell: Tukima's Dance
 10717 | D:3      | Bought a ring of poison resistance for 240 gold pieces
 11457 | D:9      | Reached *** piety under the Shining One
 11483 | D:9      | Reached skill level 12 in Spellcasting
 11690 | D:9      | Found a shimmering blue altar of Sif Muna.
 11705 | D:9      | Learned a level 4 spell: Fulminant Prism
 11839 | D:10     | Entered Level 10 of the Dungeon
 11925 | D:10     | Noticed Sonja
 11937 | D:10     | Killed Sonja
 11938 | D:10     | Reached skill level 10 in Hexes
 12507 | D:10     | Identified the +11 short sword of Extermination {vorpal,
                  | rC+ rN+}
 12658 | D:10     | Identified the +8 battleaxe "Maunul" {vorpal, Dex+4}
 12884 | D:11     | Demolished by a komodo dragon

Illustrated notes

Levels and vault maps discovered:
D:1:      minmay_arrival_jagged, layout_basic
D:2:      layout_rooms, minmay_misc_feat_more_columns
D:3:      layout_rooms, serial_shops, shop,
          shapermc_ecumenical_altar_mp_ritualfount, kennysheep_nondescript,
          uniq_sigmund, uniq_natasha, uniq_grinder, uniq_terence
D:4:      layout_cave_pools, lemuel_coloured_pillars_altar,
          hangedman_decor_push, minmay_liquid_box
D:5:      layout_loops_ring, grunt_gozag_breadcrumbs, grunt_dithmenos_shadows,
          temple_green, serial_shops, nicolae_shop_waterfront
D:6:      layout_basic, portal_sewer_entry_b
D:7:      layout_loops_ring, st_stairs_4
D:8:      layout_basic, due_lair_maze_entry_diamond
D:9:      layout_rooms, overflow_temple_1_default, serial_shops, shop_statue,
          minivault_19, st_stairs_2
D:10:     layout_irregular_city, uniq_sonja
D:11:     layout_stronghold, david_orc_5, serial_shops, nicolae_shop_trees,
          minivault_10
Temple:   compressed_dpeg_circular_temple

Skill      XL: |  1  2  3  4  5  6  7  8  9 10 11 |
---------------+----------------------------------+-----
Spellcasting   | 4 5 6 7 9 11 12 | 12.0
Earth Magic    | 4 5 6 8 9 11 | 11.2
Conjurations   | 1 3 4 5 6 8 |  8.8
Transmutations | 4 |  4.8
Hexes          | 8 11 | 11.0
Dodging        | |  2.4
Stealth        | |  2.4

Action                   |  1- 3 |  4- 6 |  7- 9 | 10-12 || total
-------------------------+-------+-------+-------+-------++-------
Melee: Short sword       |    18 |       |       |       ||    18
       Dagger            |     2 |       |       |       ||     2
       Staff             |       |     1 |     3 |       ||     4
 Cast: Sandblast         |    44 |    30 |   115 |    45 ||   234
       Passwall          |       |     2 |       |       ||     2
       Stone Arrow       |       |    16 |   127 |   121 ||   264
       Petrify           |       |       |     3 |     8 ||    11
       Conjure Flame     |       |       |     2 |       ||     2
       Lee's Rapid Decon |       |       |     1 |    15 ||    16
       Mephitic Cloud    |       |       |       |     3 ||     3
       Tukima's Dance    |       |       |       |     2 ||     2
       Fulminant Prism   |       |       |       |     2 ||     2
  Use: Scroll            |       |       |    13 |     1 ||    14
       Potion            |       |       |     4 |     7 ||    11
 Stab: Sleeping          |     1 |       |       |       ||     1
Armor: Robe              |    13 |       |     5 |    13 ||    31
       Leather armour    |       |     7 |    16 |       ||    23
Dodge: Dodged            |    19 |    15 |    52 |    38 ||   124

Table legend: (Time is in decaauts)
 A = Elapsed time spent in this place.
 B = Non-inter-level travel time spent in this place.
 C = Inter-level travel time spent in this place.
 D = Time resting spent in this place.
 E = Time spent auto-exploring this place.
 F = Levels seen in this place.
 G = Mean time per level.
                   A        B        C        D        E       F      G
               +--------+--------+--------+--------+--------+-----+--------+
         Total |  12928 |  12043 |    885 |   4300 |   5649 |  13 |  994.5 |
       Dungeon |  12009 |  11154 |    855 |   4006 |   5222 |  11 | 1091.7 |
        Temple |     92 |     62 |     30 |      0 |     50 |   1 |   92.0 |
         Sewer |    826 |    826 |      0 |    294 |    377 |   1 |  826.0 |
               +--------+--------+--------+--------+--------+-----+--------+

Top non-repeatable levels by time:
     D:6: 1642 daAuts
     D:1: 1499 daAuts
     D:8: 1334 daAuts
     D:9: 1321 daAuts
     D:5: 1311 daAuts
     D:7: 1101 daAuts
    D:10: 1013 daAuts
     D:4: 982 daAuts
     D:2: 939 daAuts
     D:3: 831 daAuts
   Sewer: 826 daAuts
  Temple: 92 daAuts
    D:11: 30 daAuts
